 Dungeon Crawl Stone Soup version 0.19.5 (webtiles) character file.

513 greprep the Sneak (level 7, -6/34 HPs)
             Began as a Spriggan Enchanter on May 9, 2017.
             Killed by divine providence
             ... invoked by an orc priest
              (17 damage)
             ... on level 4 of the Dungeon.
             The game lasted 00:10:13 (4333 turns).

greprep the Sneak (Spriggan Enchanter)              Turns: 4333, Time: 00:10:14

Health: -6/34      AC:  6    Str:  4    XL:     7   Next: 0%
Magic:  3/13       EV: 20    Int: 16    God:
Gold:   153        SH:  0    Dex: 19    Spells: 3 memorised, 7 levels left

rFire  . . .     SeeInvis +     a - +1 dagger
rCold  . . .     Gourm    .     b - +1 robe
rNeg   . . .     Faith    .     (shield restricted)
rPois  .         Spirit   .     t - +1 hat
rElec  .         Reflect  .     r - +1 cloak
rCorr  .         Harm     .     (gloves unavailable)
MR     +....                    (boots unavailable)
Stlth  ++++......               o - amulet of magic regeneration
                                (no ring)
                                (no ring)

@: very slightly contaminated, very quick
A: unfitting armour, see invisible, herbivore 3, speed 3, slow metabolism 2
a: no special abilities


You were on level 4 of the Dungeon.
You were not hungry.

You visited 1 branch of the dungeon, and saw 5 of its levels.

You collected 153 gold pieces.

Inventory:

Hand Weapons
 a - a +1 dagger (weapon)
Armour
 b - a +1 robe (worn)
 r - a +1 cloak (worn)
 t - a +1 hat (worn)
Jewellery
 o - an amulet of magic regeneration (around neck)
Scrolls
 e - 2 scrolls of enchant weapon {unknown}
 f - 2 scrolls of remove curse
 h - 7 scrolls of identify {unknown}
 k - a scroll of immolation {unknown}
 m - a scroll of enchant armour {unknown}
 n - 2 scrolls of teleportation {unknown}
 p - 2 scrolls of magic mapping {unknown}
Potions
 g - 2 potions of flight {unknown}
 i - 2 potions of agility {unknown}
 j - 2 potions of resistance {unknown}
 l - 2 potions of heal wounds {unknown}
 q - 3 potions of curing {unknown}
 s - a potion of haste {unknown}
Books
 c - a book of Maledictions

   Spells                             Type                      Level
   a - Corona                         Hexes                        1
   b - Ensorcelled Hibernation        Hexes/Ice                    2
   c - Confuse                        Hexes                        3
   d - Tukima's Dance                 Hexes                        3
   e - Dazzling Spray                 Conjuration/Hexes            3
Comestibles
 d - 2 bread rations


   Skills:
 * Level 1.8 Fighting
 * Level 3.0 Short Blades
 * Level 1.5 Armour
 * Level 4.3 Dodging
 * Level 7.8 Stealth
 + Level 3.5 Spellcasting
 + Level 4.4 Hexes
 + Level 1.1 Ice Magic


You had 7 spell levels left.
You knew the following spells:

 Your Spells              Type           Power        Failure   Level  Hunger
a - Corona                Hex            ###....      3%          1    None
b - Ensorcelled Hibernat  Hex/Ice        ##....       10%         2    ##.....
c - Confuse               Hex            ###.....     12%         3    ###....


Dungeon Overview and Level Annotations

Branches:
Dungeon (5/15)
 Temple: D:4-7

Altars:
Cheibriados
Dithmenos
Makhleb
Uskayaw
Xom


Innate Abilities, Weirdness & Mutations

You are very small and have problems with some larger weapons.
You are too small for most types of armour.
You have supernaturally acute eyesight. (SInv)
You are a herbivore.
You cover ground extremely quickly.
You need consume almost no food.


Message History

You hit the orc priest but do no damage.
The orc priest is almost dead.
The orc priest hits you with a short sword.
You hit the orc priest.
The orc priest is almost dead.
The orc priest misses you.
You hit the orc priest.
The orc priest is almost dead.
The scorpion closely misses you.
The orc priest calls down the wrath of Beogh upon you.
You resist with significant effort.
You barely miss the orc priest.
The orc priest is almost dead.
The scorpion barely misses you.
You closely miss the orc priest.
The orc priest is almost dead.
The orc priest mumbles some strange prayers to Beogh against you.
Beogh smites you!
Ouch! That really hurt!
You die...

##.# #o.............'.._#.
.#.##### #s.###########.#...##
.......# #..# #.#####. ##.###.#
####s.### #.#..... ##.###.#
#>รท.....# #.###.#.
.....#.###s#####.#########.###.##
##.#.#...#.# #...............##
...#.......# #o###.####........
...####.##.# #@# #.# #.#######
#.## #.##.#####s# #.# #.# #.#
#.##.......# #[# #.# #.#
#.########## #.# #.#
#.#####.######## #.# #.#
...............# #.# #.#
##############.# #.# #.# ......#
#.# #.# #.#
#####.########.#####.## #.#


You could see a scorpion and an orc priest.

Vanquished Creatures
  Menkaure (D:4)
  An ogre (D:5)
  A bullfrog (D:3)
  A scorpion (D:5)
  A crimson imp (D:5)
  An orc priest (D:5)
  3 adders
  A shadow imp (D:4)
  An adder skeleton (D:4)
  3 worms
  2 dart slugs
  2 leopard geckos (D:3)
  12 orcs
  A ball python (D:3)
  10 giant cockroaches
  7 goblins
  4 hobgoblins
  6 kobolds
  2 quokkas
  6 bats
  6 frilled lizards
  5 rats
77 creatures vanquished.

Notes
Turn   | Place    | Note
-------+----------+-------------------------------------------
     0 | D:1      | greprep the Spriggan Enchanter began the quest for the Orb.
     0 | D:1      | Reached XP level 1. HP: 9/9 MP: 5/5
   176 | D:1      | Reached XP level 2. HP: 13/13 MP: 6/6
   180 | D:1      | Learned a level 2 spell: Ensorcelled Hibernation
  1035 | D:2      | Reached skill level 5 in Stealth
  1203 | D:2      | Found a faded altar of an unknown god.
  1231 | D:2      | Reached XP level 3. HP: 16/16 MP: 5/8
  1912 | D:3      | Reached XP level 4. HP: 9/21 MP: 0/9
  2104 | D:3      | Noticed a bullfrog
  2110 | D:3      | Killed a bullfrog
  2110 | D:3      | Reached skill level 6 in Stealth
  2253 | D:3      | Reached XP level 5. HP: 23/25 MP: 7/10
  2613 | D:3      | Found a burning altar of Makhleb.
  2778 | D:4      | Learned a level 3 spell: Confuse
  3015 | D:4      | Found a shimmering altar of Xom.
  3044 | D:4      | Reached skill level 1 in Fighting
  3385 | D:4      | Found a shadowy altar of Dithmenos.
  3433 | D:4      | Found a faded altar of an unknown god.
  3433 | D:4      | Found a snail-covered altar of Cheibriados.
  3438 | D:4      | Found a faded altar of an unknown god.
  3440 | D:4      | Found a faded altar of an unknown god.
  3442 | D:4      | Found a hide-covered altar of Uskayaw.
  3578 | D:4      | Noticed Menkaure
  3588 | D:4      | Killed Menkaure
  3588 | D:4      | Reached skill level 1 in Armour
  3588 | D:4      | Reached skill level 7 in Stealth
  3588 | D:4      | Reached skill level 1 in Ice Magic
  3588 | D:4      | Reached XP level 6. HP: 30/30 MP: 8/11
  3718 | D:5      | Entered Level 5 of the Dungeon
  4099 | D:5      | Reached XP level 7. HP: 34/34 MP: 9/13
  4333 | D:4      | Killed from afar by an orc priest

Skill      XL: |  1  2  3  4  5  6 |
---------------+-------------------+-----
Stealth        | 5 6 7 |  7.8
Short Blades   | 2 3 |  3.0
Spellcasting   | 3 |  3.5
Hexes          | 4 |  4.4
Fighting       | 1 |  1.8
Armour         | 1 |  1.5
Dodging        | 4 |  4.3
Ice Magic      | 1 |  1.1

Action                   |  1- 3 |  4- 6 |  7- 9 || total
-------------------------+-------+-------+-------++-------
Melee: Dagger            |    71 |   114 |    15 ||   200
 Cast: Ensorcelled Hiber |    19 |    39 |     8 ||    66
       Corona            |     1 |       |       ||     1
       Confuse           |       |     4 |     4 ||     8
  Use: Scroll            |     1 |       |       ||     1
 Stab: Sleeping          |    24 |    31 |       ||    55
       Confused          |       |     3 |       ||     3
  Eat: Bread ration      |       |     1 |       ||     1
       Fruit             |       |     1 |       ||     1
Armor: Robe              |     3 |    13 |     1 ||    17
Dodge: Dodged            |    50 |   112 |    18 ||   180
